 Dungeon Crawl Stone Soup version 0.30.0-11-gf55b779eaf (webtiles) character file.

Game seed: 15334294250074734027

485 booth the Conjurer (level 6, -10/47 HPs)
             Began as a Demonspawn Reaver on May 16, 2023.
             Mangled by an ogre
             ... wielding a +0 giant spiked club
              (28 damage)
             ... on level 5 of the Dungeon.
             The game lasted 00:27:25 (4086 turns).

booth the Conjurer (Demonspawn Reaver)              Turns: 4086, Time: 00:27:25

Health: -10/47     AC: 11    Str: 15    XL:     6   Next: 88%
Magic:  10/10      EV: 11    Int: 14    God:
Gold:   222        SH:  8    Dex: 11    Spells: 8/11 levels left

rFire   . . .        a - +0 hand axe
rCold   + . .        f - +1 buckler {AC+3}
rNeg    . . .        b - +0 leather armour
rPois   .            (no helmet)
rElec   .            (no cloak)
rCorr   .            (no gloves)
SInv    .            n - +2 pair of boots
Will    +....        (no amulet)
Stlth   +            w - ring of willpower
HPRegen 0.27/turn    k - ring of protection from cold
MPRegen 0.12/turn

%: no passive effects
@: no status effects
A: thin metallic scales 1, condensation shield
a: no special abilities


You were on level 5 of the Dungeon.
You visited 1 branch of the dungeon, and saw 5 of its levels.

You collected 222 gold pieces.

Inventory:

Hand Weapons
 a - a +0 hand axe (weapon)
 c - a +4 morningstar
 u - a +0 mace
Missiles
 d - a throwing net
 h - 6 boomerangs
 t - 9 poisoned darts (quivered)
Armour
 b - a +0 leather armour (worn)
 f - a +1 buckler of protection (worn)
 n - a +2 pair of boots (worn)
Jewellery
 e - a ring of resist corrosion
 k - a ring of protection from cold (right hand)
 v - a ring of see invisible
 w - a ring of willpower (left hand)
 y - a ring of magical power
Wands
 q - a wand of mindburst (9)
Scrolls
 j - 3 scrolls of amnesia
 m - a scroll of teleportation
 o - 2 scrolls of fog
 p - a scroll of brand weapon {unknown}
 s - a scroll of butterflies {unknown}
 x - a scroll of identify
Potions
 g - a potion of mutation
 i - a potion of attraction
 l - a potion of lignification {unknown}
 r - 4 potions of curing


   Skills:
 + Level 3.2 Fighting
 + Level 3.6 Axes
 + Level 2.8 Dodging
 + Level 3.1 Spellcasting
 * Level 4.8 Conjurations
 + Level 2.3 Necromancy
 + Level 1.1 Translocations


You had 8 spell levels left.
You knew the following spells:

 Your Spells              Type           Power      Damage    Failure   Level
a - Kiss of Death         Conj/Necr      48%        2d9       9%          1
b - Momentum Strike       Conj/Tloc      20%        3d8       16%         2

Your spell library contained the following spells:

 Spells                   Type           Power      Damage    Failure   Level
 Dazzling Flash           Conj/Hex       18%        N/A       38%         3
 Hailstorm                Conj/Ice       9%         3d4       38%         3
 Vhi's Electric Charge    Tloc/Air       6%         N/A       65%         3
 Volatile Blastmotes      Fire/Tloc      6%         2d10      65%         3
 Iskenderun's Mystic Bla  Conj/Tloc      10%        2d4       71%         4
 Arcjolt                  Conj/Air       4%         1d14      98%         5
 Starburst                Conj/Fire      4%         6d4       100%        6
 Maxwell's Capacitive Co  Air            1%         ∞         100%        8


Dungeon Overview and Level Annotations

Branches:
Dungeon (5/15)
 Temple: D:4-7

Altars:


Innate Abilities, Weirdness & Mutations

You are partially covered in thin metallic scales. (AC +2)
A meltable shield of frost defends you. (SH +4)


Message History

The ogre is almost dead.
You hit the ogre.
You kill the ogre!
You see here a +0 giant club.
t - 10 poisoned darts (gained 1)
t - 11 poisoned darts (gained 1)
Found an encrusted brass ring.
Found 2 brown potions.
y - a ring of magical power
Okay, then.
An ogre comes into view. It is wielding a +0 giant spiked club.
Found a scale mail.
Throw: 11 darts (poison)
Press: ? - help, Q - select action, (/) - cycle Shift-Dir - straight line, f - ogre
Aim: an ogre, wielding a +0 giant spiked club (72% to hit)
You throw a poisoned dart.
The poisoned dart barely misses the ogre.
Throw: 10 darts (poison)
Press: ? - help, Q - select action, (/) - cycle Shift-Dir - straight line, f/p - ogre
Aim: an ogre, wielding a +0 giant spiked club (72% to hit)
You throw a poisoned dart. The poisoned dart hits the ogre.
The ogre is poisoned.
You barely miss the ogre.
The ogre hits you with a +0 giant spiked club!
You hit the ogre.
The ogre is lightly wounded.
You block the ogre's attack.
You hit the ogre.
The ogre is moderately wounded.
You hit the ogre.
The ogre is heavily wounded.
You block the ogre's attack.
You completely miss the ogre.
The ogre is heavily wounded.
The ogre hits you with a +0 giant spiked club!
You hit the ogre but do no damage.
The ogre is heavily wounded.
The ogre hits you with a +0 giant spiked club!!
Ouch! That really hurt!
You die...

#. #. ####### #.
#.....# #.
#.###.# ## #.
#.# #.# .# #
###. #.# #.# .#
[.. .....
##.###.##.#.....
.....
#......@O(.!..(#
#####
#..###.####.##.#
#..# #... #..#
###.# #..# .#
#..# #
#..#####.#
#...)....#
###.#######


You could see an ogre (poisoned).

Vanquished Creatures
  2 ogres
  A hound (D:5)
  An orc priest (D:4)
  2 iguanas
  An orc wizard (D:4)
  8 adders
  7 worms
  9 orcs
  7 ball pythons
  9 endoplasms
  2 giant cockroaches
  9 goblins
  3 hobgoblins
  7 jackals
  8 kobolds
  3 quokkas
  6 bats
  2 frilled lizards
  2 rats
89 creatures vanquished.

Notes
Turn   | Place    | Note
-------+----------+-------------------------------------------
     0 | D:1      | booth the Demonspawn Reaver began the quest for the Orb.
     0 | D:1      | Reached XP level 1. HP: 16/16 MP: 3/3
   440 | D:1      | Gained mutation: You are partially covered in thin metallic
                  | scales. (AC +2) [demonic ancestry]
   440 | D:1      | Reached XP level 2. HP: 22/22 MP: 5/5
   478 | D:1      | Learned a level 2 spell: Momentum Strike
   577 | D:1      | Found a faded altar of an unknown god.
   888 | D:1      | Identified a scroll of acquirement
   888 | D:1      | Acquired a +1 buckler of protection
  1085 | D:2      | Reached XP level 3. HP: 27/27 MP: 6/6
  1603 | D:2      | Reached skill level 1 in Necromancy
  1610 | D:2      | Reached XP level 4. HP: 32/34 MP: 7/7
  2617 | D:4      | Reached skill level 4 in Conjurations
  2617 | D:4      | Reached XP level 5. HP: 39/39 MP: 3/8
  2983 | D:4      | Noticed an ogre
  2999 | D:4      | Killed an ogre
  3000 | D:4      | Gained mutation: A meltable shield of frost defends you.
                  | (SH +4) [demonic ancestry]
  3000 | D:4      | Reached XP level 6. HP: 40/47 MP: 6/10
  3532 | D:5      | Entered Level 5 of the Dungeon
  3932 | D:5      | Reached skill level 1 in Translocations
  4086 | D:5      | Mangled by an ogre

Illustrated notes

Levels and vault maps discovered:
D:1:      giann_bridges, layout_loops_ring,
          shapermc_ecumenical_altar_totnotflames, st_stairs_14, minmay_tripent
D:2:      layout_loops_ring, kennysheep_pointless_box
D:3:      layout_basic, serial_bayou_pond_c
D:4:      layout_loops_cross
D:5:      layout_basic, overflow_temple_1_default, vehumet_crystals

Skill      XL: |  1  2  3  4  5  6 |
---------------+-------------------+-----
Dodging        | 2 |  2.8
Axes           | 3 |  3.6
Necromancy     | 1 2 |  2.3
Conjurations   | 4 |  4.8
Fighting       | 3 |  3.2
Spellcasting   | 3 |  3.1
Translocations | 1 |  1.1

Action                     |  1- 3 |  4- 6 || total
---------------------------+-------+-------++-------
  Melee: Hand axe          |   151 |   287 ||   438
  Throw: Dart              |       |     8 ||     8
   Cast: Momentum Strike   |       |     6 ||     6
         Kiss of Death     |       |     2 ||     2
    Use: Scroll            |     2 |     7 ||     9
         Potion            |       |     2 ||     2
 Armour: Leather armour    |    52 |   117 ||   169
  Dodge: Dodged            |    77 |   142 ||   219
  Block: Buckler           |    23 |    66 ||    89
